 Dungeon Crawl Stone Soup version 0.28-a0-1616-g050a50673c (webtiles) character file.

Game seed: 4075922830951787774

35116 soggyman666 the Grand Scion (level 14, -9/72 HPs)
             Began as a Djinni Fire Elementalist on Jan 23, 2022.
             Was a High Priest of Hepliaklqana.
             Killed from afar by a rime drake (34 damage)
             ... with a flash freeze
             ... on level 4 of the Lair of Beasts.
             The game lasted 01:17:40 (15046 turns).

soggyman666 the Grand Scion (DjFE)                 Turns: 15046, Time: 01:17:40

Health: -9/72      AC:  5    Str:  7    XL:     14   Next: 16%
Gold:   710        EV: 13    Int: 27    God:    Hepliaklqana [*****.] SH:  0 Dex: 10

rFire   + + .      SeeInvis .   G - staff of conjuration
rCold   x . .      Faith    .   (no shield)
rNeg    . . .      Spirit   .   i - +0 robe of Youthful Indiscretion {Rampage Regen+ Dex-5}
rPois   ∞          Reflect  .   (no helmet)
rElec   .          Harm     .   y - +2 cloak
rCorr   +          Rampage  +   (no gloves)
Will    +....                   (boots unavailable)
Stlth   ++........              (no amulet)
HPRegen 1.02/turn               f - +6 ring of intelligence
MPRegen 0.00/turn               n - ring of resist corrosion

@: flying, studying Fighting
A: reduced essence, sickness immunity, fire resistance 2, cold vulnerability 1,
float, innate caster, hp casting, extra vitality 1
a: Renounce Religion, Recall Ancestor, Ancestor Identity, Transference, Idealise


You were on level 4 of the Lair of Beasts.
You worshipped Hepliaklqana.
Hepliaklqana was extremely pleased with you.
You visited 3 branches of the dungeon, and saw 18 of its levels.

You collected 710 gold pieces.

Inventory:

Hand Weapons
 h - the +6 whip of Extucsegy {protect, rN+ Will- Dex+2}
   (You found it on level 2 of the Dungeon)

   It grants its wielder temporary protection when it strikes (+7 to AC).
   Dex:       It affects your dexterity (+2).
   rN:        It protects you from negative energy.
   Will:      It decreases your willpower.
Armour
 c - a +1 robe of willpower
 i - the +0 robe of Youthful Indiscretion (worn) {Rampage Regen+ Dex-5}
   (You found it on level 3 of the Dungeon)

   Dex:       It affects your dexterity (-5).
   Regen:     It increases your rate of health regeneration.
   Rampage:   It bestows one free step when moving towards enemies.
 y - a +2 cloak (worn)
Magical Staves
 G - a staff of conjuration (weapon)
Jewellery
 f - a +6 ring of intelligence (left hand)
 n - a ring of resist corrosion (right hand)
Wands
 l - a wand of acid (14)
 o - a wand of digging (12)
 q - a wand of flame (10)
 s - a wand of polymorph (25)
 t - a wand of charming (12)
 z - a wand of paralysis (2)
Scrolls
 d - 3 scrolls of enchant weapon
 g - 2 scrolls of teleportation
 p - a scroll of fear
 v - a scroll of torment {unknown}
 w - a scroll of summoning {unknown}
 C - a scroll of noise {unknown}
 F - a scroll of fog {unknown}
Potions
 a - 3 potions of brilliance {unknown}
 b - a potion of might {unknown}
 e - 2 potions of cancellation
 k - 2 potions of heal wounds {unknown}
 r - a potion of ambrosia
 B - a potion of magic {unknown}
 D - a potion of flight {unknown}
 E - a potion of resistance {unknown}
Miscellaneous
 A - a lightning rod (4/4)


   Skills:
 - Level 1.3 Throwing
 - Level 5.7 Dodging
 - Level 2.9 Stealth
 + Level 13.6 Spellcasting
 - Level 14.5 Invocations


You had 8 spell levels left.
You knew the following spells:

 Your Spells              Type           Power      Damage    Failure   Level
a - Foxfire               Conj/Fire      100%       2x1d9     0%          1
b - Scorch                Fire           100%       2d10      0%          2
c - Conjure Flame         Conj/Fire      95%        6-21      1%          3
d - Inner Flame           Hex/Fire       75%        N/A       1%          3
e - Flame Wave            Conj/Fire      95%        2d16      1%          4
f - Slow                  Hex            100%       N/A       0%          1
g - Call Imp              Summ           75%        N/A       0%          2
h - Vampiric Draining     Necr           75%        2d11      1%          3
i - Summon Lightning Spi  Summ/Air       75%        N/A       1%          4
j - Animate Armour        Summ/Erth      100%       N/A       1%          4
k - Borgnjor's Vile Clut  Necr/Erth      37%        N/A       1%          5
Your spell library was empty.

Dungeon Overview and Level Annotations

Branches:
Dungeon (11/15)            Temple (1/1) D:4            Lair (6/6) D:8
  Swamp (0/4) Lair:2        Snake (0/4) Lair:3
  Slime: Lair:5-6       Orc: D:9-12

Altars:
Ashenzari
Cheibriados
Dithmenos
Elyvilon
Fedhas
Gozag
Hepliaklqana
Kikubaaqudgha
Makhleb
Nemelex Xobeh
Okawaru
Qazlal
Ru
Sif Muna
Trog
Uskayaw
Vehumet
Wu Jian
Xom
Yredelemnul
Zin
The Shining One

Shops:
D:9 [

Annotations:
D:5 1 runed translucent door, RBrandon's ghost, novice DjHu
Lair:4 exclusion: oklob plant


Innate Abilities, Weirdness & Mutations

Your life essence is reduced to manifest your ancestor. (-10% HP)
You are immune to sickness and miasma.
You are immune to poison.
Your flesh is very heat resistant. (rF++)
You are vulnerable to cold. (rC-)
You float through the air rather than walking.
You learn spells naturally, not from books.
Your magical power is your life essence.
You have superior vitality. (+4 MHP)


Message History

Casting: Foxfire (safe; 0% risk of failure)
Confirm with . or Enter, or press ? or * to list all spells.
Flames lash the water moccasin.
You kill the water moccasin!
You hear a howl! x2
You swap places.
Your foxfire dissipates!
You see here a water moccasin corpse. 2 wolves come into view.
Found 29 gold pieces.
Found 17 gold pieces.
There is a stone staircase leading up here.
The wolf howls!
The wolf barely misses you. The wolf bites you.
You fly upwards.
Level annotation: exclusion: oklob plant
Found a scroll of teleportation.
There is a stone staircase leading down here.
Casting: Scorch (safe; 0% risk of failure)
Confirm with . or Enter, or press ? or * to list all spells.
Flames lash the wolf.
The wolf is heavily wounded.
The wolf's fire resistance burns away.
The wolf bites you but does no damage.
Casting: Scorch (safe; 0% risk of failure)
Confirm with . or Enter, or press ? or * to list all spells.
Flames lash the wolf.
The wolf is burned terribly!
The wolf is almost dead.
You hear an angry hiss.
The wolf bites you! x2; Eanasir misses the wolf.
Casting: Scorch (safe; 0% risk of failure)
Confirm with . or Enter, or press ? or * to list all spells.
Flames lash the wolf.
The wolf is burned terribly!
You kill the wolf!
A rime drake comes into view.
Casting: Scorch (safe; 0% risk of failure)
Confirm with . or Enter, or press ? or * to list all spells.
An electric hum fills the air.
The rime drake breathes ice at you. The flash freeze hits you!!
You feel a painful chill!
You die...

....# k..P ##
.##...##.#
.........#
.........##
.?........##..#
.....8.†......P
......R@#
........#
........#
###.#..## #.
..# # ... P.P#
....


You could see the friendly Eanasir the knight, a rime drake (catching breath,
ally target) and a friendly lightning spire (summoned).

Vanquished Creatures
  3 hydras
  Erica (D:10)
  Pikel (D:6)
  3 elephants (Lair:6)
  A black mamba (Lair:3)
  Maurice (D:8)
  8 cane toads
  5 komodo dragons
  A rime drake (Lair:2)
  4 dream sheep
  21 yaks
  A wraith (D:10)
  A wyvern (D:10)
  2 steam dragons (D:8)
  2 vampire mosquitoes (D:7)
  9 water moccasins
  3 sky beasts
  An ogre (D:6)
  3 black bears
  4 necrophages
  2 wolves
  3 centaurs
  A phantom (D:5)
  2 lemures (D:6)
  4 bullfrogs
  3 scorpions
  8 killer bees
  Dowan (D:6)
  An electric eel (D:7)
  3 orc priests
  A jelly (D:5)
  A centaur skeleton (D:5)
  3 iguanas
  2 orc wizards (D:8)
  A killer bee zombie (D:3)
  A hound skeleton (D:4)
  2 gnolls
  2 howler monkey skeletons
  9 adders
  A white imp (D:7)
  An adder zombie (D:5)
  A worm (D:3)
  The ghost of YayAnonymity the Sneak, a weakling DsDe (D:4)
  2 dart slugs
  22 orcs
  6 ball pythons
  8 endoplasms
  4 giant cockroaches
  7 goblins
  10 hobgoblins
  7 jackals (D:1)
  5 quokkas
  4 bats
  3 frilled lizards
  6 kobolds
  8 rats
221 creatures vanquished.

Vanquished Creatures (collateral kills)
  Snorg (Lair:6)
  2 two-headed ogres
  2 death yaks (Lair:6)
  2 bog bodies (Lair:2)
  9 elephants
  Joseph (D:10)
  5 cane toads
  2 black mambas
  6 komodo dragons
  A gargoyle (D:10)
  2 polar bears
  5 dream sheep (Lair:6)
  22 yaks
  2 basilisks
  A vampire mosquito (D:7)
  An acid dragon (D:9)
  6 water moccasins
  Duvessa (D:6)
  A black bear (Lair:1)
  3 orc warriors
  3 wolves (Lair:1)
  A centaur (D:9)
  A kobold brigand (D:9)
  8 killer bees
  6 wights (D:8)
  5 orc priests
  A centaur skeleton (D:5)
  A gnoll shaman (D:7)
  3 orc wizards (D:8)
  A howler monkey skeleton (D:7)
  4 gnolls (D:7)
  15 orcs
  2 kobolds (D:9)
  2 foxfires
128 creatures vanquished.

Vanquished Creatures (others)
  A knight (D:9)
  793 foxfires
  30 fungi
  58 plants
882 creatures vanquished.

Grand Total: 1231 creatures vanquished

Notes
Turn   | Place    | Note
-------+----------+-------------------------------------------
     0 | D:1      | soggyman666 the Djinni Fire Elementalist began the quest
                  | for the Orb.
     0 | D:1      | Reached XP level 1. HP: 15/15 MP: 0/0
   379 | D:1      | Reached XP level 2. HP: 12/21 MP: 0/0
   613 | D:1      | Reached XP level 3. HP: 18/25 MP: 0/0
   613 | D:1      | Learned a level 1 spell: Slow
  1912 | D:1      | Reached XP level 4. HP: 27/31 MP: 0/0
  3372 | D:2      | Found a faded altar of an unknown god.
  3416 | D:2      | Identified the +6 whip of Extucsegy {protect, rN+ Will-
                  | Dex+2}
  3854 | D:3      | Reached skill level 1 in Throwing
  3854 | D:3      | Reached XP level 5. HP: 29/35 MP: 0/0
  3854 | D:3      | Learned a level 2 spell: Call Imp
  4932 | D:3      | Identified the +0 robe of Youthful Indiscretion {Rampage
                  | Regen+ Dex-5}
  5260 | D:4      | Reached XP level 6. HP: 30/40 MP: 0/0
  5383 | D:4      | Found a runed translucent door.
  5383 | D:4      | Noticed YayAnonymity's ghost (weakling DsDe)
  5424 | D:4      | Found a staircase to the Ecumenical Temple.
  5437 | Temple   | Entered the Ecumenical Temple
  5559 | Temple   | Became a worshipper of Hepliaklqana the Forgotten
  6085 | D:4      | Killed YayAnonymity's ghost
  6140 | D:5      | Entered Level 5 of the Dungeon
  6254 | D:5      | Reached XP level 7. HP: 45/45 MP: 0/0
  6254 | D:5      | Learned a level 3 spell: Vampiric Draining
  6283 | D:5      | Reached skill level 5 in Spellcasting
  6283 | D:5      | Reached skill level 1 in Invocations
  6566 | D:5      | Found a runed translucent door.
  6570 | D:5      | Noticed RBrandon's ghost (novice DjHu)
  6750 | D:5      | Reached skill level 2 in Invocations
  6750 | D:5      | Reached XP level 8. HP: 47/50 MP: 0/0
  6916 | D:6      | Noticed Duvessa
  6916 | D:6      | Noticed Dowan
  6923 | D:6      | Killed Duvessa
  6925 | D:6      | Killed Dowan
  6964 | D:6      | Noticed Pikel
  6977 | D:6      | Killed Pikel
  6978 | D:6      | Reached skill level 3 in Invocations
  6981 | D:6      | Reached XP level 9. HP: 45/55 MP: 0/0
  6981 | D:6      | Learned a level 4 spell: Summon Lightning Spire
  7027 | D:6      | Reached * piety under Hepliaklqana
  7804 | D:7      | Reached skill level 5 in Dodging
  8003 | D:7      | Reached skill level 4 in Invocations
  8102 | D:7      | Reached ** piety under Hepliaklqana
  8103 | D:7      | Remembered your ancestor Eanasir as a knight
  8584 | D:8      | Reached skill level 5 in Invocations
  8592 | D:8      | Reached XP level 10. HP: 23/54 MP: 0/0
  8661 | D:8      | Found a staircase to the Lair.
  8662 | D:8      | Noticed a komodo dragon
  8684 | D:8      | Killed a komodo dragon
  8685 | D:8      | Reached skill level 6 in Invocations
  8758 | D:8      | Noticed Maurice
  8764 | D:8      | Killed Maurice
  8765 | D:8      | Reached skill level 7 in Invocations
  8857 | D:8      | Reached skill level 8 in Invocations
  9225 | D:8      | Reached skill level 9 in Invocations
  9705 | D:9      | Paralysed by an orc for 3 turns
  9817 | D:10     | Entered Level 10 of the Dungeon
 10129 | D:9      | Reached skill level 10 in Invocations
 10194 | D:9      | Reached XP level 11. HP: 51/58 MP: 0/0
 10194 | D:9      | Learned a level 4 spell: Animate Armour
 10253 | D:9      | Found Xaafurum's Antique Armour Shop.
 10274 | D:9      | Reached skill level 11 in Invocations
 10360 | D:9      | Reached *** piety under Hepliaklqana
 10395 | D:9      | Noticed a two-headed ogre
 10405 | D:9      | Killed a two-headed ogre
 10406 | D:9      | Reached skill level 12 in Invocations
 10578 | D:9      | Identified the +5 arbalest "Grim" {speed, rElec rC+ rN+}
 10683 | D:10     | Found a broken altar of Ashenzari.
 10683 | D:10     | Found a glowing silver altar of Zin.
 10874 | D:10     | Noticed Erica
 10882 | D:10     | Killed Erica
 10913 | D:10     | Reached skill level 13 in Invocations
 10980 | D:10     | Noticed Joseph
 10989 | D:10     | Killed Joseph
 11066 | D:10     | Noticed a two-headed ogre
 11072 | D:10     | Killed a two-headed ogre
 11659 | Lair:1   | Entered Level 1 of the Lair of Beasts
 11659 | Lair:1   | Noticed a four-headed hydra
 11667 | D:8      | Killed a four-headed hydra
 11668 | D:8      | Reached XP level 12. HP: 42/63 MP: 0/0
 11700 | Lair:1   | Reached skill level 14 in Invocations
 11754 | Lair:1   | Reached **** piety under Hepliaklqana
 12932 | Lair:2   | Found a staircase to the Swamp.
 12941 | Lair:2   | Reached skill level 10 in Spellcasting
 12967 | Lair:2   | Noticed an eight-headed hydra
 13008 | Lair:2   | Killed an eight-headed hydra
 13058 | Lair:2   | Reached XP level 13. HP: 66/67 MP: 0/0
 13058 | Lair:2   | Learned a level 5 spell: Borgnjor's Vile Clutch
 13245 | Lair:2   | Reached ***** piety under Hepliaklqana
 13853 | Lair:3   | Noticed a six-headed hydra
 13860 | Lair:3   | Killed a six-headed hydra
 14014 | Lair:3   | Found a staircase to the Snake Pit.
 14292 | Lair:3   | You are sucked into a shaft and drop 3 floors!
 14292 | Lair:6   | Entered Level 6 of the Lair of Beasts
 14694 | Lair:6   | Reached XP level 14. HP: 17/72 MP: 0/0
 14768 | Lair:6   | Noticed Snorg
 14777 | Lair:6   | Killed Snorg
 15046 | Lair:4   | Killed from afar by a rime drake

Illustrated notes

Levels and vault maps discovered:
D:1:      onia_arrival_mini_maze_b, layout_basic, minmay_pentomino_u2
D:2:      layout_basic, shapermc_ecumenical_altar_venn, st_stairs_1
D:3:      layout_basic
D:4:      layout_basic, minmay_temple_entry_statues_fountains,
          hellmonk_ghost_happy_afterlife, kennysheep_decorative_pillar
D:5:      layout_loops_ring, ebering_ghost_reflecting_pool, minmay_manual_mullet
D:6:      layout_cave_pods, dk_noncrumbling_3, uniq_duvessa, uniq_pikel
D:7:      cheibrodos_helix_gallery, layout_loops_ring
D:8:      layout_gridville, david_lair_shrubbed, uniq_maurice
D:9:      layout_long_grid, serial_shops, nicolae_square_shop,
          nicolae_elevator_lobby_asterisk
D:10:     layout_basic, grunt_temple_overflow_open, grunt_ministairs_15,
          uniq_joseph, uniq_erica
D:11:     layout_cross, orc_0_dummy, gauntlet_entry_generic,
          portal_ice_cave_entry_pillars_1
Temple:   mainiacjoe_temple_coin_purse
Lair:1:   layout_regular_city, nicolae_quartered_pool_medium, minmay_holes,
          beast_lair_carwin_6
Lair:2:   layout_gridlike, skrybe_swamp_entry_bodies,
          nicolae_lair_grove_arrangements, grunt_megastairs_1
Lair:3:   layout_chaotic_city, minmay_snake_entry_six_corridors
Lair:4:   layout_roguey, st_stairs_6
Lair:5:   layout_hall_layers, dpeg_slime_entry_enclosed_altar,
          chequers_serial_rivers_large_a, grunt_megastairs_5
Lair:6:   hellmonk_lair_end_abyssal_woods, layout_cave_pods, basic_altar,
          serial_bayou_shore_a, grunt_megastairs_3, uniq_snorg

Skill      XL: |  1  2  3  4  5  6  7  8  9 10 11 12 13 |
---------------+----------------------------------------+-----
Spellcasting   | 3 4 5 6 8 10 13 | 13.6
Stealth        | 2 |  2.9
Throwing       | 1 |  1.3
Dodging        | 3 4 5 |  5.7
Invocations    | 2 3 5 10 13 14 | 14.5

Action                   |  1- 3 |  4- 6 |  7- 9 | 10-12 | 13-15 || total
-------------------------+-------+-------+-------+-------+-------++-------
Melee: Unarmed           |       |     2 |       |       |       ||     2
       Whip              |       |       |       |    20 |       ||    20
       Punch             |       |       |       |     1 |       ||     1
       Staff             |       |       |       |       |     6 ||     6
 Cast: Foxfire           |    68 |   167 |    92 |   114 |    60 ||   501
       Scorch            |    13 |    14 |    40 |   142 |    70 ||   279
       Call Imp          |       |     9 |     7 |    21 |       ||    37
       Conjure Flame     |       |     5 |     2 |     2 |       ||     9
       Summon Lightning  |       |       |     6 |    60 |    33 ||    99
       Animate Armour    |       |       |       |     7 |     1 ||     8
       Vampiric Draining |       |       |       |     1 |    13 ||    14
       Borgnjor's Vile C |       |       |       |       |    18 ||    18
Invok: Ancestor Life: Kn |       |       |     1 |       |       ||     1
       Ancestor Identity |       |       |     1 |       |       ||     1
       Recall Ancestor   |       |       |       |     6 |     9 ||    15
       Transference      |       |       |       |     1 |       ||     1
       Idealise          |       |       |       |       |     1 ||     1
  Use: Scroll            |     2 |     2 |     6 |     3 |     6 ||    19
       Potion            |       |       |       |       |     1 ||     1
Armor: Robe              |     2 |     5 |     5 |     5 |    15 ||    32
Dodge: Dodged            |       |    15 |    20 |    30 |    44 ||   109

Table legend: (Time is in decaauts)
 A = Elapsed time spent in this place.
 B = Non-inter-level travel time spent in this place.
 C = Inter-level travel time spent in this place.
 D = Time resting spent in this place.
 E = Time spent auto-exploring this place.
 F = Levels seen in this place.
 G = Mean time per level.
                   A        B        C        D        E       F      G
               +--------+--------+--------+--------+--------+-----+--------+
         Total |  15059 |  14229 |    830 |   1264 |  10055 |  18 |  836.6 |
       Dungeon |  11565 |  10859 |    706 |    671 |   8370 |  11 | 1051.4 |
        Temple |    137 |     98 |     39 |      0 |     80 |   1 |  137.0 |
          Lair |   3356 |   3272 |     84 |    593 |   1605 |   6 |  559.3 |
               +--------+--------+--------+--------+--------+-----+--------+

Top non-repeatable levels by time:
     D:1: 2311 daAuts
     D:3: 1479 daAuts
     D:2: 1273 daAuts
  Lair:2: 1131 daAuts
     D:9: 1046 daAuts
     D:4: 987 daAuts
     D:8: 984 daAuts
    D:10: 929 daAuts
  Lair:1: 924 daAuts
     D:6: 910 daAuts
     D:7: 841 daAuts
     D:5: 795 daAuts
  Lair:3: 544 daAuts
  Lair:6: 493 daAuts
  Lair:5: 254 daAuts
